 Dungeon Crawl Stone Soup version 0.30-a0-718-geaa24f5 (webtiles) character file.

Game seed: 4389411471462005712

74738 cuongqpp the Bludgeoner (level 15, -5/247 HPs)
             Began as a Troll Berserker on Jan 25, 2023.
             Was a High Priest of Trog.
             Slain by an orc
             ... wielding a +0 hand axe
              (7 damage)
             ... on level 2 of the Orcish Mines.
             The game lasted 00:58:56 (21090 turns).

cuongqpp the Bludgeoner (Troll Berserker)          Turns: 21090, Time: 00:58:57

Health: -5/247     AC:  9    Str: 37    XL:     15   Next: 7%
Magic:  4/4        EV:  9    Int:  4    God:    Trog [*****.]
Gold:   2245       SH:  0    Dex:  8    Spells: 14/14 levels left

rFire   . . .      SeeInvis .    H - +2 great mace (antimagic)
rCold   . . .      Faith    +    (shield currently unavailable)
rNeg    . . .      Spirit   .    S - +0 troll leather armour
rPois   .          Reflect  .    (helmet restricted)
rElec   +          Harm     .    q - +0 cloak
rCorr   .          Rampage  .    (gloves unavailable)
Will    +++..                    (boots unavailable) Stlth
                                 A - amulet of faith
HPRegen 3.21/turn                f - +4 ring of slaying
MPRegen 0.09/turn                O - +4 ring of protection

@: berserking (expiring), strong-willed, regenerating, very quick
A: large, unfitting armour, claws 3, regeneration 1, shaggy fur 1, tough skin 1,
deformed body, screaming 1, electricity resistance, strong 1, wild magic 1, no
potion heal 1
a: Renounce Religion, Berserk, Trog's Hand, Brothers in Arms


You were on level 2 of the Orcish Mines.
You worshipped Trog.
Trog was extremely pleased with you.
You visited 4 branches of the dungeon, and saw 21 of its levels.
You visited the Abyss 1 time.
You also visited: Ice Cave and Volcano.

You collected 2245 gold pieces.

Inventory:

Hand Weapons
 g - a +2 great mace of flaming
 D - a +5 halberd of flaming
 H - a +2 antimagic great mace (weapon)
Missiles
 J - 5 curare-tipped darts (quivered)
Armour
 q - a +0 cloak (worn)
 S - a +0 troll leather armour (worn)
 X - a +0 tower shield of cold resistance
Jewellery
 b - an amulet of guardian spirit
 d - a ring of ice
 e - a +5 ring of evasion
 f - a +4 ring of slaying (left claw)
 m - a ring of resist corrosion
 r - a +6 ring of dexterity
 u - a ring of protection from cold
 w - a ring of protection from cold
 A - an amulet of faith (around neck)
 O - a +4 ring of protection (right claw)
 P - a ring of positive energy
 R - a ring of fire
 T - an amulet of magic regeneration
Wands
 k - a wand of roots (12)
 I - a wand of flame (33)
 Q - a wand of paralysis (14)
 U - a wand of polymorph (4)
 Z - a wand of mindburst (6)
Scrolls
 a - 3 scrolls of enchant armour
 h - a scroll of poison {unknown}
 j - 3 scrolls of immolation {unknown}
 l - 4 scrolls of enchant weapon
 n - 8 scrolls of fear
 o - 4 scrolls of silence
 s - 2 scrolls of brand weapon {unknown}
 t - 2 scrolls of noise {unknown}
 v - 7 scrolls of teleportation
 y - 4 scrolls of vulnerability
 B - a scroll of acquirement {unknown}
 M - 2 scrolls of fog
 W - 3 scrolls of magic mapping
 Y - a scroll of blinking {unknown}
Potions
 c - 3 potions of resistance {unknown}
 i - 6 potions of brilliance
 p - 2 potions of haste
 x - 8 potions of curing
 C - a potion of lignification {unknown}
 E - 3 potions of flight {unknown}
 F - 5 potions of magic
 G - 4 potions of might
 K - 4 potions of attraction
 L - 3 potions of invisibility {unknown}
 N - 2 potions of cancellation {unknown}
 V - 3 potions of ambrosia {unknown}
Miscellaneous
 z - a lightning rod (4/4)


   Skills:
 * Level 14.9 Fighting
 * Level 19.0 Maces & Flails
 + Level 1.0 Polearms
 - Level 2.4 Dodging


You had 14 spell levels left.
You didn't know any spells.
Your spell library contained the following spells:

 Spells                   Type           Power      Damage    Failure   Level
 Cigotuvi's Dreadful Rot  Necr/Pois/Air  0%         N/A       75%         2
 Dispel Undead            Necr           0%         3d6       100%        4
 Death Channel            Necr           0%         N/A       100%        6


Dungeon Overview and Level Annotations

Branches:
Dungeon (13/15)            Temple (0/1) D:4            Lair (5/5) D:8
  Swamp (0/4) Lair:3        Snake (1/4) Lair:3        Slime (0/5) Lair:4
    Orc (2/2) D:11          IceCv (visited)         Volcano (visited)
    Elf: Orc:2       Vaults: D:13-14

Altars:
Gozag
Uskayaw
Vehumet
Xom
The Shining One
Jiyva
Lugonu

Shops:
D:1 [   Orc:1 (:

Portals:
Abyss: Lair:5

Annotations:
Lair:5 1 runed translucent door, Faphuc's ghost, journeyman HOFi


Innate Abilities, Weirdness & Mutations

You are too large for most types of armour.
You have claws for hands.
Your natural rate of healing is unusually fast.
You are covered in fur. (AC +1)
You have tough skin. (AC +1)
Armour fits poorly on your strangely shaped body.
You occasionally shout uncontrollably at your foes.
You are resistant to electric shocks. (rElec)
Your muscles are strong. (Str +4, Int/Dex -1)
Your spells are a little harder to cast, but a little more powerful.
Potions are less effective at restoring your health.


Message History

The orc wizard hits your troll with a +2 dagger of speed.
The orc warrior hits you from afar with a +0 trident!
* * * LOW HITPOINT WARNING * * *
Your troll bites the orc wizard!!
The orc wizard dies!
Trog accepts your kill.
Trog appreciates your killing of a magic user.
You are too injured to fight recklessly!
You bludgeon the orc!!
You kill the orc!
Trog accepts your kill.
Your troll bites the orc!
The orc dies!
Trog accepts your kill.
You beat the orc like a drum!!!
You kill the orc!
Trog accepts your kill.
The orc warrior hits you from afar with a +0 halberd.
* * * LOW HITPOINT WARNING * * *
The orc closely misses you. The orc warrior barely misses you.
The orc priest hits your troll with a +0 falchion.
The orc wizard hits your troll with a +0 dagger.
The orc warrior throws a boomerang.
The boomerang completely misses you.
You closely miss the orc warrior.
The orc warrior is severely wounded.
Your troll completely misses the orc priest.
Your troll claws the orc priest!
Your troll barely misses the orc priest.
You pound the orc warrior like an anvil!!!
You kill the orc warrior!
Trog accepts your kill. The orc warrior closely misses you.
The orc warrior hits you with a +0 short sword!
* * * LOW HITPOINT WARNING * * *
The orc closely misses you.
The orc warrior hits you from afar with a +0 glaive!!
* * * LOW HITPOINT WARNING * * *
The orc priest hits your troll with a +0 falchion!
The orc hits you with a +0 hand axe!
You die...

#..##'## .... ..
...... #..#.
.o..###..o..oo.
#ooo..#........
#)o..##..§..o..
#@o.)#.§§§.....
#)oTo....^§..
#o.)o....§.
.......<.#
.........# ###
....$.....##..##..
..........#.....o.
#.........)))#
#.#...)).)##


You could see 5 orc warriors, an orc priest (strong, distracted, ally target),
an orc wizard, 3 orcs and a friendly troll (summoned, berserk).

Vanquished Creatures
  A white draconian (IceCv)
  A catoblepas (Lair:2)
  5 hydras
  5 two-headed ogres
  A tengu warrior (D:13)
  2 orc high priests
  2 thrashing horrors (Lair:5)
  Nergalle (Lair:2)
  A lindwurm (Lair:5)
  5 orc knights
  4 ugly things
  A deep elf pyromancer (D:12)
  An oklob plant (Lair:3)
  An orc sorcerer (Orc:1)
  A cyclops (Orc:2)
  2 manticores
  5 black mambas
  Maurice (D:12)
  2 ice statues (IceCv)
  20 elephants
  2 torpor snails
  2 gargoyles
  A molten gargoyle (Volcano)
  11 cane toads
  6 rime drakes
  2 smoke demons (Lair:5)
  An unseen horror (shapeshifter) (Lair:5)
  An unseen horror (D:12)
  A tengu conjurer (D:13)
  2 ice devils
  11 komodo dragons
  A tyrant leech (Lair:3)
  2 ancient zymes (Lair:5)
  5 polar bears
  A hornet (D:11)
  4 trolls
  25 blink frogs
  6 dream sheep
  7 slime creatures
  3 ynoxinuls (Lair:5)
  2 large abominations (Lair:5)
  A culicivora (shapeshifter) (Lair:5)
  A shadow (D:9)
  2 spriggans (Lair:5)
  3 wyverns
  2 vampires
  2 wraiths (D:12)
  5 basilisks
  41 yaks
  Eustachio (D:5)
  2 fire elementals (Volcano)
  A steam dragon (Lair:3)
  3 neqoxecs (Abyss:1)
  Menkaure (D:6)
  3 wargs
  Edmund (D:5)
  2 swamp worms (Lair:3)
  7 water moccasins
  An acid dragon (D:12)
  Duvessa (D:6)
  A black bear (D:7)
  28 orc warriors
  2 ice beasts
  A sky beast (D:6)
  11 ogres
  13 wolves
  3 centaurs
  A phantom (D:4)
  5 kobold brigands
  2 gnoll sergeants
  9 bullfrogs
  A necrophage (D:8)
  2 scorpions (D:6)
  4 wights (D:8)
  Dowan (D:6)
  17 killer bees
  4 lindwurm simulacra (IceCv)
  6 howler monkeys
  An electric eel (Lair:1)
  7 komodo dragon simulacra (IceCv)
  5 hounds
  A jelly (D:5)
  18 orc priests
  2 gnoll boudas
  Natasha (thrice) (D:3)
  22 orc wizards
  3 iguanas
  12 small abominations (Lair:5)
  26 gnolls
  5 adders
  3 acid dragon simulacra (IceCv)
  A shadow imp (D:6)
  4 white imps
  2 ufetubi
  7 steam dragon simulacra (IceCv)
  A worm (D:2)
  4 dart slugs
  92 orcs
  3 bats (D:2)
  7 endoplasms
  5 giant cockroaches
  6 goblins
  11 hobgoblins
  5 quokkas
  7 ball pythons
  6 frilled lizards
  46 kobolds
  4 rats
668 creatures vanquished.

Vanquished Creatures (collateral kills)
  Erica (Lair:2)
  A two-headed ogre (D:11)
  Sonja (Lair:3)
  3 elephants (Lair:5)
  2 black mambas
  A cane toad (Lair:5)
  Maggie (Lair:2)
  A komodo dragon (Lair:2)
  A blink frog (Lair:5)
  2 dream sheep (Lair:5)
  2 yaks (D:10)
  A basilisk (Lair:2)
  2 orc warriors (Orc:2)
  2 orc priests
  4 orc wizards
  7 orcs
32 creatures vanquished.

Vanquished Creatures (others)
  2 orcs
  23 fungi
  75 plants
100 creatures vanquished.

Grand Total: 800 creatures vanquished

Notes
Turn   | Place    | Note
-------+----------+-------------------------------------------
     0 | D:1      | cuongqpp the Troll Berserker began the quest for the Orb.
     0 | D:1      | Reached XP level 1. HP: 22/22 MP: 0/0
   162 | D:1      | Reached skill level 3 in Maces & Flails
   162 | D:1      | Reached XP level 2. HP: 19/29 MP: 1/1
   428 | D:1      | Found Iluejuaf's Armour Boutique.
   626 | D:1      | Reached XP level 3. HP: 37/37 MP: 2/2
   651 | D:1      | Found a faded altar of an unknown god.
   944 | D:2      | Reached ** piety under Trog
   945 | D:2      | Reached XP level 4. HP: 45/45 MP: 3/3
  1635 | D:3      | Noticed Natasha
  1641 | D:3      | Killed Natasha
  1642 | D:3      | Reached skill level 4 in Maces & Flails
  1672 | D:3      | Noticed Natasha
  1681 | D:3      | Killed Natasha
  1682 | D:3      | Reached XP level 5. HP: 40/54 MP: 4/4
  1802 | D:3      | Noticed Natasha
  1814 | D:3      | Killed Natasha
  1933 | D:3      | Found a hide-covered altar of Uskayaw.
  2501 | D:4      | Noticed a phantom
  2511 | D:4      | Killed a phantom
  2512 | D:4      | Reached XP level 6. HP: 63/63 MP: 5/5
  2529 | D:4      | Found a staircase to the Ecumenical Temple.
  2832 | D:4      | Reached *** piety under Trog
  2931 | D:4      | Reached skill level 5 in Maces & Flails
  3326 | D:5      | Entered Level 5 of the Dungeon
  3326 | D:5      | Noticed an ice beast
  3342 | D:5      | Killed an ice beast
  3343 | D:5      | Reached skill level 5 in Fighting
  3343 | D:5      | Reached XP level 7. HP: 38/72 MP: 6/6
  3418 | D:5      | Reached **** piety under Trog
  3570 | D:5      | Reached skill level 6 in Maces & Flails
  3944 | D:5      | Noticed Edmund
  3959 | D:5      | Killed Edmund
  3972 | D:5      | Reached skill level 7 in Maces & Flails
  3972 | D:5      | Reached XP level 8. HP: 64/81 MP: 7/7
  4085 | D:5      | Noticed Eustachio
  4111 | D:5      | Killed Eustachio
  4416 | D:6      | Noticed Menkaure
  4423 | D:6      | Killed Menkaure
  4529 | D:6      | Reached skill level 8 in Maces & Flails
  4645 | D:6      | Reached ***** piety under Trog
  4696 | D:6      | Noticed Duvessa
  4696 | D:6      | Noticed Dowan
  4713 | D:6      | Killed Duvessa
  4725 | D:6      | Killed Dowan
  5276 | D:6      | Reached skill level 9 in Maces & Flails
  5282 | D:6      | Reached XP level 9. HP: 67/92 MP: 8/8
  5972 | D:7      | Reached skill level 10 in Maces & Flails
  6435 | D:8      | Identified the +2 rapier "Byecvaudgh" {flame, rF- rN++}
                  | (Trog gifted it to you on level 8 of the Dungeon)
  6435 | D:8      | Received a gift from Trog
  6754 | D:8      | Identified the +0 scale mail "Zyroc" {Rampage Drain rC+++
                  | Regen+}
  6774 | D:8      | Reached skill level 11 in Maces & Flails
  6774 | D:8      | Reached XP level 10. HP: 90/100 MP: 9/9
  6873 | D:8      | Found a staircase to the Lair.
  7434 | D:9      | Noticed a two-headed ogre
  7442 | D:9      | Killed a two-headed ogre
  7738 | D:9      | Reached skill level 12 in Maces & Flails
  8301 | D:10     | Entered Level 10 of the Dungeon
  8608 | D:10     | Identified the +5 great sword of Callousness {flame, SInv}
                  | (Trog gifted it to you on level 10 of the Dungeon)
  8608 | D:10     | Received a gift from Trog
  8647 | D:10     | Reached XP level 11. HP: 77/113 MP: 10/10
  9281 | D:11     | Noticed a two-headed ogre
  9294 | D:11     | Killed a two-headed ogre
  9295 | D:11     | Reached skill level 13 in Maces & Flails
  9410 | D:11     | Found a glowing golden altar of the Shining One.
  9538 | D:11     | Noticed a two-headed ogre
  9544 | D:11     | Killed a two-headed ogre
  9910 | D:11     | Paralysed by a hornet for 2 turns
 10000 | D:11     | Found a staircase to the Orcish Mines.
 10461 | D:12     | Noticed a deep elf pyromancer
 10482 | D:12     | Killed a deep elf pyromancer
 10569 | D:12     | Noticed a two-headed ogre
 10611 | D:12     | Killed a two-headed ogre
 10825 | D:12     | Noticed a brown ugly thing
 10840 | D:12     | Killed a brown ugly thing
 10977 | D:12     | Reached skill level 14 in Maces & Flails
 10981 | D:12     | Reached skill level 10 in Fighting
 11301 | D:12     | Gained mutation: You have a pair of small antennae on your
                  | head. [potion of mutation]
 11301 | D:12     | Gained mutation: You are somewhat resistant to further
                  | mutation. [potion of mutation]
 11302 | D:12     | Lost mutation: You are somewhat resistant to further
                  | mutation. [potion of mutation]
 11302 | D:12     | Lost mutation: You have a pair of small antennae on your
                  | head. [potion of mutation]
 11302 | D:12     | Gained mutation: You have a beak for a mouth. [potion of
                  | mutation]
 11303 | D:12     | Lost mutation: You have a beak for a mouth. [potion of
                  | mutation]
 11303 | D:12     | Gained mutation: You are resistant to electric shocks.
                  | (rElec) [potion of mutation]
 11303 | D:12     | Gained mutation: Potions are less effective at restoring
                  | your health. [potion of mutation]
 11303 | D:12     | Gained mutation: Your spells are a little harder to cast,
                  | but a little more powerful. [potion of mutation]
 11708 | D:12     | Noticed Maurice
 11729 | D:12     | Killed Maurice
 12042 | D:13     | Noticed a two-headed ogre
 12054 | D:13     | Killed a two-headed ogre
 12055 | D:13     | Reached XP level 12. HP: 127/127 MP: 11/11
 12302 | D:13     | Noticed a tengu warrior
 12310 | D:13     | Noticed a seven-headed hydra
 12323 | D:13     | Killed a tengu warrior
 12326 | D:13     | Killed a nine-headed hydra
 12350 | D:13     | Noticed a two-headed ogre
 12366 | D:13     | Killed a two-headed ogre
 12542 | Lair:1   | Entered Level 1 of the Lair of Beasts
 12859 | Lair:1   | Reached skill level 15 in Maces & Flails
 13495 | Lair:2   | Noticed Erica
 13496 | Lair:2   | Noticed Maggie
 13509 | Lair:2   | Received a gift from Trog
 13512 | Lair:2   | HP: 6/132 [something (5)]
 13513 | Lair:2   | Killed Erica
 13515 | Lair:2   | Killed Maggie
 13644 | Lair:2   | Noticed Nergalle
 13655 | Lair:2   | Killed Nergalle
 13760 | Lair:2   | Reached XP level 13. HP: 124/141 MP: 12/12
 14222 | Lair:3   | Found a dark tunnel.
 14236 | Lair:3   | Noticed Sonja
 14253 | Lair:3   | Killed Sonja
 14449 | Lair:3   | Found a staircase to the Snake Pit.
 14468 | Volcano  | Entered a volcano
 14679 | Snake:1  | Entered Level 1 of the Snake Pit
 14766 | Lair:3   | Reached skill level 16 in Maces & Flails
 14936 | Lair:3   | Received a gift from Trog
 14965 | Lair:3   | Found an opulent altar of Gozag.
 15252 | Lair:3   | Found a staircase to the Swamp.
 15881 | Lair:4   | Reached skill level 1 in Polearms
 15918 | Lair:4   | Found a staircase to the Slime Pits.
 15918 | Lair:4   | Found a viscous altar of Jiyva.
 16234 | Lair:4   | Reached skill level 17 in Maces & Flails
 16601 | Lair:5   | Entered Level 5 of the Lair of Beasts
 16688 | Lair:5   | Reached XP level 14. HP: 117/154 MP: 13/13
 16807 | Lair:5   | Found a runed translucent door.
 16808 | Lair:5   | Found a shimmering altar of Xom.
 16808 | Lair:5   | Noticed Faphuc's ghost (journeyman HOFi)
 17512 | Abyss:1  | Found a corrupted altar of Lugonu.
 17512 | Abyss:1  | Cast into level 1 of the Abyss (spriggan)
 17519 | Abyss:1  | Gained mutation: You occasionally shout uncontrollably at
                  | your foes. [a neqoxec]
 17520 | Abyss:1  | Gained mutation: Armour fits poorly on your strangely
                  | shaped body. [a neqoxec]
 17535 | Lair:5   | Escaped the Abyss
 17651 | Lair:5   | Reached skill level 18 in Maces & Flails
 18370 | Lair:5   | Found a corrupted altar of Lugonu.
 18370 | Lair:5   | Found a one-way gate to the infinite horrors of the Abyss.
 18992 | Orc:1    | Entered Level 1 of the Orcish Mines
 19005 | D:11     | Received a gift from Trog
 19080 | Orc:1    | Found Qycror's Book Boutique.
 19145 | Orc:1    | Found Symoc's Antique Weapon Emporium.
 19302 | Orc:1    | Gained mutation: Your muscles are strong. (Str +4, Int/Dex
                  | -1) [a neqoxec]
 19392 | Orc:1    | Found a frozen archway.
 19402 | IceCv    | Entered an ice cave
 20124 | IceCv    | Received a gift from Trog
 20270 | Orc:1    | Found a radiant altar of Vehumet.
 20645 | Orc:2    | Entered Level 2 of the Orcish Mines
 20709 | Orc:1    | Reached XP level 15. HP: 87/165 MP: 4/14
 21075 | Orc:2    | Received a gift from Trog
 21084 | Orc:2    | Reached skill level 19 in Maces & Flails
 21090 | Orc:2    | HP: 2/247 [orc warrior/+0 glaive (28)]
 21090 | Orc:2    | Slain by an orc

Illustrated notes

Levels and vault maps discovered:
D:1:      roderic_crossed_star, layout_basic,
          shapermc_ecumenical_altar_mp_ritualfount, serial_shops,
          nicolae_square_shop, grunt_decor_mini_mirrors, hex_intersection
D:2:      layout_loops_ring, minmay_pentomino_pile
D:3:      layout_loops_ring, nicolae_uskayaw_dance_hall, serial_forest,
          infiniplex_forest_lined_2, infiniplex_forest_end_3,
          infiniplex_forest_corner_1, infiniplex_forest_straight_2,
          infiniplex_forest_clump_long, infiniplex_forest_lined_3_way,
          infiniplex_forest_clump_large, infiniplex_forest_end_1,
          nicolae_titane, uniq_natasha
D:4:      kennysheep_kobold_camp, layout_basic, minmay_temple_entry_butterflies
D:5:      layout_cave_pods, uniq_edmund, uniq_eustachio
D:6:      layout_loops_ring, uniq_menkaure, uniq_duvessa
D:7:      layout_basic, minivault_10
D:8:      layout_basic, dpeg_oklobed_lair, minmay_misc_feat_tiny
D:9:      layout_basic
D:10:     layout_basic
D:11:     layout_cave_pods, david_orc_4, minmay_misc_feat_room,
          nicolae_tso_carved_into_rock
D:12:     layout_grid_maze, uniq_maurice
D:13:     layout_layer_cave, david_vaults_2, serial_shops, shop,
          grunt_ministairs_7
Lair:1:   layout_gridlike, amcnicky_mini_pool_medium, serial_bayou_shore_a,
          grunt_megastairs_1
Lair:2:   layout_hall_layers, infiniplex_staircase_pool_2, uniq_maggie,
          uniq_erica, uniq_nergalle
Lair:3:   layout_misc_corridors, palyth_hydra_swamp_entry, dummy_snake_entry,
          nicolae_volcano_entry_two_sided, lemuel_oklob_altar, uniq_sonja
Lair:4:   wander_river, layout_cave_pods, slime_entry_1,
          chequers_serial_rivers_room_a
Lair:5:   hellmonk_lair_end_abyssal_woods, layout_cave_pods, ebering_ghost_xom,
          serial_bayou_shore_b, serial_bayou_shore_b
Snake:1:  layout_layer_cave, gammafunk_ghost_wrathful_warriors, basic_altar,
          uniq_louise
Orc:1:    cheibrodos_orc_arena, layout_caves, portal_ice_cave_demonic_guard,
          basic_altar, serial_shops, shop, nicolae_shop_overgrown_old_shop
Orc:2:    grunt_orc_community_town_hall, layout_diamond_mine,
          grunt_orc_community_big_house_1, grunt_orc_community_big_house_2,
          grunt_orc_community_house_2, grunt_orc_community_house_2,
          grunt_orc_community_house_2, grunt_orc_community_house_1,
          grunt_orc_community_house_1, nicolae_orc_sculptors_studio,
          lightli_orcish_oven

Skill      XL: |  1  2  3  4  5  6  7  8  9 10 11 12 13 14 15 |
---------------+----------------------------------------------+-----
Maces & Flails | 3 4 5 7 9 11 12 14 15 17 18 19 | 19.0
Fighting       | 3 4 5 6 7 8 10 12 13 14 | 14.9
Polearms       | 1 |  1.0
Dodging        | |  2.4

Action                     |  1- 3 |  4- 6 |  7- 9 | 10-12 | 13-15 || total
---------------------------+-------+-------+-------+-------+-------++-------
  Melee: Mace              |    41 |       |       |       |       ||    41
         Hand axe          |    55 |    86 |       |       |       ||   141
         Flail             |       |   100 |   389 |   874 |       ||  1363
         Punch             |       |     1 |     7 |     9 |     1 ||    18
         Great mace        |       |       |       |    27 |   809 ||   836
         Demon trident     |       |       |       |       |    10 ||    10
 Invoke: Berserk           |     1 |       |     5 |    12 |    16 ||    34
         Trog's Hand       |       |       |     1 |     1 |     7 ||     9
         Brothers in Arms  |       |       |       |     5 |     5 ||    10
    Use: Scroll            |       |       |     2 |     8 |     7 ||    17
         Potion            |       |       |       |     7 |     4 ||    11
   Stab: Sleeping          |       |     1 |       |       |     1 ||     2
         Distracted        |       |       |       |       |     1 ||     1
 Armour: Animal skin       |    36 |    53 |   174 |   152 |       ||   415
         Troll leather arm |       |       |       |   359 |   411 ||   770
  Dodge: Dodged            |    71 |   138 |   461 |   775 |   531 ||  1976

Table legend: (Time is in decaauts)
 A = Elapsed time spent in this place.
 B = Non-inter-level travel time spent in this place.
 C = Inter-level travel time spent in this place.
 D = Time resting spent in this place.
 E = Time spent auto-exploring this place.
 F = Levels seen in this place.
 G = Mean time per level.
                   A        B        C        D        E       F      G
               +--------+--------+--------+--------+--------+-----+--------+
         Total |  21052 |  20045 |   1007 |   3767 |  11672 |  24 |  877.2 |
       Dungeon |  12892 |  12168 |    724 |   1740 |   7978 |  13 |  991.7 |
          Lair |   6012 |   5751 |    261 |   1324 |   3094 |   5 | 1202.4 |
     Snake Pit |      1 |      1 |      0 |      0 |      0 |   1 |    1.0 |
  Orcish Mines |   1090 |   1069 |     21 |    287 |    367 |   2 |  545.0 |
         Abyss |     21 |     21 |      0 |      0 |      0 |   1 |   21.0 |
      Ice Cave |    837 |    837 |      0 |    414 |    176 |   1 |  837.0 |
       Volcano |    196 |    196 |      0 |      0 |     57 |   1 |  196.0 |
               +--------+--------+--------+--------+--------+-----+--------+

Top non-repeatable levels by time:
  Lair:5: 2096 daAuts
    D:12: 1651 daAuts
    D:11: 1368 daAuts
  Lair:3: 1326 daAuts
     D:8: 1082 daAuts
     D:5: 1068 daAuts
     D:6: 1018 daAuts
     D:7: 996 daAuts
  Lair:4: 990 daAuts
     D:9: 961 daAuts
    D:10: 945 daAuts
  Lair:1: 932 daAuts
     D:4: 899 daAuts
     D:3: 897 daAuts
   Orc:1: 870 daAuts
